 Dungeon Crawl Stone Soup version 0.27-a0-1193-g8631133539 (webtiles) character file.

Game seed: 3733887496567053091

91 coolguy69 the Cutter (level 4, -5/24 HPs)
             Began as a Vine Stalker Monk on May 26, 2021.
             Slain by an ogre
             ... wielding a +0 giant spiked club
              (29 damage)
             ... on level 3 of the Dungeon.
             The game lasted 00:01:34 (2557 turns).

coolguy69 the Cutter (Vine Stalker Monk)            Turns: 2557, Time: 00:01:35

Health: -5/24      AC:  3    Str: 14    XL:     4   Next: 57%
Magic:  0/5        EV: 13    Int: 10    God:
Gold:   116        SH:  0    Dex: 17    Spells: 3/3 levels left

rFire    . . .     SeeInvis .   a - +0 short sword
rCold    . . .     Faith    .   (no shield)
rNeg     . . .     Spirit   +   b - +0 robe
rPois    .         Reflect  .   (no helmet)
rElec    .         Harm     .   (no cloak)
rCorr    .         Rampage  .   f - +0 pair of gloves
Will     .....                  (no boots)
Stlth    +++.......             (no amulet)
HPRegen  1.08/turn              (no ring)
MPRegen  0.09/turn              (no ring)

@: no status effects
A: fangs 2, regeneration 1, magic shield, antimagic bite, no potion heal 2
a: no special abilities


You were on level 3 of the Dungeon.
You visited 1 branch of the dungeon, and saw 3 of its levels.

You collected 116 gold pieces.

Inventory:

Hand Weapons
 a - a +0 short sword (weapon)
Armour
 b - a +0 robe (worn)
 f - a +0 pair of gloves (worn)
Jewellery
 g - a +6 ring of dexterity
Scrolls
 c - 4 scrolls of identify {unknown}
 d - a scroll of noise {unknown}
 e - a scroll of amnesia {unknown}


   Skills:
 + Level 3.3 Fighting
 + Level 3.5 Short Blades
 + Level 2.8 Dodging
 + Level 3.4 Stealth


You had 3 spell levels left.
You didn't know any spells.
Your spell library contained the following spells:

 Spells                   Type           Power      Damage    Failure   Level
 Animate Skeleton         Necr           0%         N/A       36%         1
 Apportation              Tloc           0%         N/A       36%         1
 Beastly Appendage        Tmut           0%         N/A       36%         1
 Corona                   Hex            0%         N/A       36%         1
 Magic Dart               Conj           0%         1d3       36%         1
 Summon Small Mammal      Summ           0%         N/A       36%         1
 Blink                    Tloc           N/A        N/A       50%         2
 Call Imp                 Summ           0%         N/A       50%         2
 Slow                     Hex            0%         N/A       50%         2
 Wereblood                Tmut           0%         N/A       50%         2
 Conjure Flame            Conj/Fire      0%         6-21      75%         3
 Mephitic Cloud           Conj/Pois/Air  0%         N/A       75%         3
 Spider Form              Tmut/Pois      0%         N/A       75%         3
 Ice Form                 Ice/Tmut       0%         N/A       98%         4
 Hydra Form               Tmut           0%         N/A       100%        5


Dungeon Overview and Level Annotations

Branches:
Dungeon (3/15)

Altars:


Innate Abilities, Weirdness & Mutations

You have extremely sharp teeth.
Your natural rate of healing is unusually fast.
When hurt, damage is shared between your health and your magic reserves.
Your bite disrupts and absorbs the magic of your enemies.
Potions cannot restore your health.


Message History

An ogre comes into view. It is wielding a +0 giant spiked club.
An ogre is nearby!
The ogre hits you with a +0 giant spiked club!
An ogre is nearby!
You hit the ogre but do no damage. You bite the ogre. You drain its power.
You feel invigorated.
The ogre is lightly wounded.
The ogre barely misses you.
An ogre is nearby!
You hit the ogre. Your bite misses the ogre.
The ogre is moderately wounded.
An ogre is nearby!
You hit the ogre but do no damage.
The ogre is moderately wounded.
The ogre hits you with a +0 giant spiked club!
You are too injured to fight recklessly!
Unknown command.
You aren't carrying any potions.
You barely miss the ogre.
The ogre is moderately wounded.
You hit the ogre but do no damage.
The ogre is moderately wounded.
The ogre closely misses you.
You barely miss the ogre. You bite the ogre. You drain its power.
You feel invigorated.
The ogre is moderately wounded.
The ogre closely misses you.
You hit the ogre.
The ogre is heavily wounded.
The ogre misses you.
You hit the ogre. You bite the ogre. You drain its power.
The ogre is severely wounded.
You hit the ogre but do no damage.
The ogre is severely wounded.
The ogre closely misses you.
You hit the ogre but do no damage. You bite the ogre, but do no damage.
The ogre is severely wounded.
The ogre hits you with a +0 giant spiked club!!
Ouch! That really hurt!
You die...

#.# ###.#.#####.##### #.#
#...............# #.#
#.#.#...##......#
##.#####.#.###.##......#
.......#.#.##.......####
.......#.#.########.#
.......#.#.########.######.
.................).........
...............O@..........
.......###.#.##.###.######.
...#.#######.##.###.....#
#...>....................
#..........#........###.##
#...........###.#.........
#.#.........###.#...###.###
..........#.............
..............#.......#.#


You could see an ogre.

Vanquished Creatures
  4 adders
  2 dart slugs (D:1)
  6 bats
  2 endoplasms
  4 giant cockroaches
  6 goblins
  4 hobgoblins (D:1)
  3 jackals (D:1)
  4 quokkas
  5 ball pythons
  4 frilled lizards
  2 kobolds
  2 rats (D:2)
48 creatures vanquished.

Notes
Turn   | Place    | Note
-------+----------+-------------------------------------------
     0 | D:1      | coolguy69 the Vine Stalker Monk began the quest for the
                  | Orb.
     0 | D:1      | Reached XP level 1. HP: 11/11 MP: 2/2
   359 | D:1      | Reached XP level 2. HP: 9/16 MP: 3/3
  1153 | D:1      | Reached XP level 3. HP: 18/20 MP: 2/4
  1626 | D:1      | Found a faded altar of an unknown god.
  2135 | D:2      | Gained mutation: Your natural rate of healing is unusually
                  | fast. [Vine Stalker growth]
  2135 | D:2      | Reached XP level 4. HP: 22/24 MP: 3/5
  2527 | D:3      | Noticed an ogre
  2557 | D:3      | Slain by an ogre

Illustrated notes

Levels and vault maps discovered:
D:1:      eino_arrival_druids_welcome, layout_loops_ring,
          hellmonk_ecumenical_altar_leap_of_faith, fountainhead,
          hangedman_decor_clover_reticule, st_stairs_8
D:2:      layout_rooms
D:3:      layout_basic, eat_drink_and_be_merry_uskayaw, gup_sewer_entry_glass

Skill      XL: |  1  2  3 |
---------------+----------+-----
Fighting       | 3 |  3.3
Short Blades   | 3 |  3.5
Stealth        | 3 |  3.4
Dodging        | |  2.8

Action                   |  1- 3 |  4- 6 || total
-------------------------+-------+-------++-------
Melee: Short sword       |   113 |    40 ||   153
       Bite              |    24 |     8 ||    32
  Use: Potion            |       |     2 ||     2
 Stab: Sleeping          |     9 |     1 ||    10
Armor: Robe              |    19 |     7 ||    26
Dodge: Dodged            |    73 |    20 ||    93

Table legend: (Time is in decaauts)
 A = Elapsed time spent in this place.
 B = Non-inter-level travel time spent in this place.
 C = Inter-level travel time spent in this place.
 D = Time resting spent in this place.
 E = Time spent auto-exploring this place.
 F = Levels seen in this place.
 G = Mean time per level.
                   A        B        C        D        E       F      G
               +--------+--------+--------+--------+--------+-----+--------+
         Total |   2550 |   2487 |     63 |    565 |   1571 |   3 |  850.0 |
       Dungeon |   2550 |   2487 |     63 |    565 |   1571 |   3 |  850.0 |
               +--------+--------+--------+--------+--------+-----+--------+

Top non-repeatable levels by time:
     D:1: 1755 daAuts
     D:2: 702 daAuts
     D:3: 92 daAuts
